 Dungeon Crawl Stone Soup version 0.25-a0-425-g0e000e855e (webtiles) character file.

Game seed: 3391578354456349782, levelgen mode: deterministic

62 Kohma the Chiller (level 4, -3/38 HPs)
             Began as a Naga Ice Elementalist on Jan 24, 2020.
             Slain by a gnoll
             ... wielding a +0 spear
              (4 damage)
             ... on level 3 of the Dungeon.
             The game lasted 00:05:05 (1385 turns).

Kohma the Chiller (Naga Ice Elementalist)           Turns: 1385, Time: 00:05:05

Health: -3/38      AC:  8    Str: 11    XL:     4   Next: 8%
Magic:  1/7        EV: 10    Int: 16    God:
Gold:   49         SH:  0    Dex: 11    Spells: 4/8 levels left

rFire    . . .     SeeInvis +   e - +0 whip
rCold    . . .     Gourm    .   (no shield)
rNeg     . . .     Faith    .   a - +0 robe
rPois    +         Spirit   .   (no helmet)
rElec    .         Reflect  .   (no cloak)
rCorr    .         Harm     .   (no gloves)
MR       .....                  (no barding)
Stlth    ++........             (no amulet)
HPRegen  0.12/turn              (no ring)
MPRegen  0.10/turn              (no ring)

@: icy armour, very slow
A: large, see invisible, deformed body, poison resistance, slowness 2, slow
metabolism 1, spit poison 1, AC +1
a: Spit Poison


You were on level 3 of the Dungeon.
You were not hungry.

You visited 1 branch of the dungeon, and saw 3 of its levels.

You collected 49 gold pieces.

Inventory:

Hand Weapons
 e - a +0 whip (weapon)
Missiles
 d - 20 poisoned darts (quivered)
 g - 25 stones
Armour
 a - a +0 robe (worn)
 k - a +0 shield
Jewellery
 j - an uncursed ring of resist corrosion {unknown}
Potions
 f - a potion of curing {unknown}
Comestibles
 c - 2 rations
 i - a chunk of flesh


   Skills:
 + Level 1.4 Fighting
 - Level 1.5 Dodging
 - Level 3.0 Stealth
 + Level 0.5 Shields
 + Level 2.5 Spellcasting
 * Level 4.7 Ice Magic


You had 4 spell levels left.
You knew the following spells:

 Your Spells              Type           Power        Failure   Level  Hunger
a - Freeze                Ice            ###.         2%          1    #......
b - Ozocubu's Armour      Chrm/Ice       #.......     22%         3    ###....

Your spell library contained the following spells:

 Spells                   Type           Power        Failure   Level  Hunger
 Hailstorm                Conj/Ice       #.......     58%         4    #####..
 Summon Ice Beast         Ice/Summ       #.......     58%         4    #####..


Dungeon Overview and Level Annotations

Branches:
Dungeon (2/15)

Altars:


Innate Abilities, Weirdness & Mutations

You cannot wear boots.
Your serpentine skin is tough. (AC +1)
You have supernaturally acute eyesight. (SInv)
Armour fits poorly on your strangely shaped body.
Your system is resistant to poisons. (rPois)
You cover ground very slowly.
You have a slow metabolism.
You can spit poison.


Message History

The orc completely misses you.
As you read the scroll labeled PAUTTE MOTOIFE, it crumbles to dust.
You feel blessed for a moment.
It was a scroll of remove curse.
The giant cockroach bites you but does no damage.
The gnoll hits you from afar with a +0 spear!
* * * LOW HITPOINT WARNING * * *
The gnoll barely misses you.
An orc comes into view. It is wielding a +0 flail.
The gnoll closely misses you.
The giant cockroach bites you but does no damage.
As you read the scroll labeled QOUCEG OXI, it crumbles to dust.
The creatures around you are filled with an inner flame!
It was a scroll of immolation.
The gnoll hits you from afar with a +0 spear.
* * * LOW HITPOINT WARNING * * *
The orc closely misses you. The gnoll hits you with a +0 flail.
* * * LOW HITPOINT WARNING * * *
The giant cockroach barely misses you.
The gnoll hits you from afar with a +0 spear.
You die...

.# .#
#####.####
.........
#........ #
#.# .# .
#.#g##.##.%..
#.ggo@s......
#..o##g##....
#$.[# o# .
#.... o.
#..## .## #..
.#


#gg .# #.o .. You could see 2 orc priests, 4 gnolls, 2 orcs and a giant
cockroach (inner flame).

Vanquished Creatures
  4 adders
  2 oozes (D:1)
  2 giant cockroaches (D:1)
  A hobgoblin (D:1)
  3 bats (D:1)
  A frilled lizard (D:1)
  2 goblins (D:1)
  4 kobolds (D:1)
  4 rats (D:1)
23 creatures vanquished.

Notes
Turn   | Place    | Note
-------+----------+-------------------------------------------
     0 | D:1      | Kohma the Naga Ice Elementalist began the quest for the
                  | Orb.
     0 | D:1      | Reached XP level 1. HP: 15/15 MP: 3/3
     3 | D:1      | Noticed an elf
     5 | D:1      | Noticed a minotaur skeleton
     7 | D:1      | Noticed a centaur
    10 | D:1      | Noticed a vine stalker
    10 | D:1      | Noticed a vine stalker
    15 | D:1      | Noticed a formicid
    15 | D:1      | Noticed a minotaur
   266 | D:1      | Reached XP level 2. HP: 20/24 MP: 0/5
   950 | D:1      | Reached skill level 1 in Fighting
   998 | D:1      | Reached XP level 3. HP: 31/31 MP: 6/6
  1345 | D:2      | Learned a level 3 spell: Ozocubu's Armour
  1370 | D:2      | You fall into a shaft and drop 1 floor!
  1382 | D:3      | Reached XP level 4. HP: 38/38 MP: 0/7
  1385 | D:3      | HP: 1/38 [gnoll/+0 flail (3)]
  1385 | D:3      | Slain by a gnoll

Levels and vault maps discovered:
D:1:      shiori_arrival_whats_in_store_for_you, layout_basic,
          nrook_mini_vaults, minmay_misc_feat_cross
D:2:      layout_basic, marbit_many_paths, eino_tiny_chamber
D:3:      layout_loops_ring, grunt_qazlal_sundering, first_ration,
          minmay_starry_boxes

Skill      XL: |  1  2 |
---------------+-------+-----
Fighting       | 1 |  1.4
Dodging        | |  1.5
Stealth        | |  3.0
Shields        | |  0.5
Spellcasting   | |  2.5
Ice Magic      | |  4.7

Action                   |  1- 3 |  4- 6 || total
-------------------------+-------+-------++-------
Melee: Unarmed           |     7 |       ||     7
       Whip              |    14 |     1 ||    15
 Cast: Freeze            |    35 |       ||    35
       Ozocubu's Armour  |     1 |       ||     1
  Use: Scroll            |       |     2 ||     2
  Eat: Chunk             |     1 |       ||     1
Armor: Robe              |     6 |     5 ||    11
Dodge: Dodged            |    36 |     7 ||    43

Table legend:
 A = Non-vault XP
 B = Vault XP
 C = Vault XP percentage of total XP
 D = Non-vault monster count
 E = Vault monster count
 F = Vault count percentage of total count
                 A         B        C        D         E       F
            +---------+---------+-------+---------+---------+-------
      Total |      89 |       0 |   0.0 |      23 |       0 |   0.0
            +---------+---------+-------+---------+---------+-------
        D:1 |      37 |       0 |   0.0 |      19 |       0 |   0.0
        D:2 |      39 |       0 |   0.0 |       3 |       0 |   0.0
        D:3 |      13 |       0 |   0.0 |       1 |       0 |   0.0
            +---------+---------+-------+---------+---------+-------
